 Dungeon Crawl Stone Soup version 0.14-a0-155-gd989017 (webtiles) character file.

163 Malachi the Charmwright (level 3, -3/26 HPs)
             Began as a Demonspawn Skald on Oct 4, 2013.
             Slain by a worm (8 damage)
             ... on Level 2 of the Dungeon.
             The game lasted 00:01:51 (1428 turns).

Malachi the Charmwright (Demonspawn Skald)          Turns: 1428, Time: 00:01:51

HP  -3/26        AC  4     Str 12      XL: 3   Next: 17%
MP   1/6         EV 10     Int 14      God:
Gold 128         SH  0     Dex 12      Spells:  1 memorised,  6 levels left

Res.Fire  : . . .   See Invis. : .   a - +0 spear
Res.Cold  : + . .   Warding    : .   b - +0 leather armour
Life Prot.: . . .   Conserve   : .   (no shield)
Res.Poison: .       Res.Corr.  : .   (no helmet)
Res.Elec. : .       Clarity    : .   (no cloak)
Sust.Abil.: . .     Spirit.Shd : .   (no gloves)
Res.Mut.  : .       Stasis     : .   (no boots)
Res.Rott. : .       Flight     : .   (no amulet)
Saprovore : . . .                    (no ring)
                                     e - ring of protection from cold {unknown}

@: not resistant to hostile enchantments, very unstealthy
A: powered by pain 1, AC +1
a: no special abilities


You were on level 2 of the Dungeon.
You were very hungry.

You visited 1 branch of the dungeon, and saw 2 of its levels.

You collected 108 gold pieces.

Inventory:

Hand weapons
 a - a +0,+0 spear (weapon)
Armour
 b - a +0 leather armour (worn)
Comestibles
 d - a bread ration
 f - 2 pears
Scrolls
 i - 2 scrolls of curse armour {unknown}
 k - a scroll of noise {unknown}
 m - 2 scrolls of identify {unknown}
Jewellery
 e - a ring of protection from cold (left hand) {unknown}
 h - an uncursed ring of poison resistance {unknown}
Potions
 g - a potion of confusion {unknown}
 j - a potion of heal wounds {unknown}
 l - 2 potions of curing {unknown}
 n - a potion of slowing {unknown}
 o - a potion of agility {unknown}
Books
 c - a book of Battle

   Spells                             Type                      Level
   *Infusion                          Charms                       1
   Shroud of Golubria                 Charms/Translocation         2
   Song of Slaying                    Charms                       2
   Spectral Weapon                    Hexes/Charms                 3
   Regeneration                       Charms/Necromancy            3
   Song of Shielding                  Charms                       4


   Skills:
 + Level 2.2 Fighting
 + Level 1.9 Polearms
 + Level 1.2 Armour
 + Level 1.1 Dodging
 + Level 2.5 Spellcasting
 + Level 3.0 Charms


You had 6 spell levels left.
You knew the following spells:

 Your Spells              Type           Power        Failure   Level  Hunger
a - Infusion              Chrm           ##....       10%         1    #......


Dungeon Overview and Level Annotations

Branches:
Dungeon (2/27)

Altars:


Innate Abilities, Weirdness & Mutations

You are partially covered in icy blue scales (AC +1).
You sometimes gain a little power by taking damage.


Message History

You don't have enough magic to cast that spell.
You hit the worm but do no damage.
The worm is severely wounded.
The worm barely misses you.
You barely miss the worm.
The worm is severely wounded.
You hit the worm but do no damage.
The worm is severely wounded.
The worm bites you!
* * * LOW HITPOINT WARNING * * *
You hit the worm but do no damage.
The worm is severely wounded.
The worm completely misses you.
You are feeling very hungry.
You hit the worm.
The worm is almost dead.
You hit the worm.
The worm is almost dead.
The worm bites you!
You die...

# #. # #. ##### # #.###
#...# # #####...# #...###
# #.......# #.....#
#...[...# #.....#
##......%# #.....#
.......w@######...#######
.........................
#####...####...####...##
##### #...# #...# #####
#####


You could see a worm.

Vanquished Creatures
  An adder (D:2)
  2 giant geckos (D:2)
  4 goblins
  4 hobgoblins (D:1)
  4 bats
  A giant newt (D:2)
  3 kobolds (D:1)
  8 rats
27 creatures vanquished.

Notes
Turn   | Place    | Note
--------------------------------------------------------------
     0 | D:1      | Malachi, the Demonspawn Skald, began the quest for the Orb.
     0 | D:1      | Reached XP level 1. HP: 15/15 MP: 3/3
   450 | D:1      | Gained mutation: You are partially covered in icy blue scales (AC +1). [demonic ancestry]
   450 | D:1      | Reached XP level 2. HP: 12/21 MP: 0/5
   672 | D:1      | Reached skill level 1 in Armour
   781 | D:1      | Reached skill level 1 in Dodging
  1189 | D:2      | Reached skill level 3 in Charms
  1412 | D:2      | Gained mutation: You sometimes gain a little power by taking damage. [demonic ancestry]
  1412 | D:2      | Reached XP level 3. HP: 26/26 MP: 2/6
  1428 | D:2      | Slain by a worm

Action                   || total
-------------------------++-------
Melee: Spear             ||   117
 Cast: Infusion          ||    14
